[Event "WWRR IM 2019"]
[Site "Wachtebeke"]
[Date "2019.03.03"]
[Round "1.1"]
[White "De Ruiter, Danny"]
[Black "Maerevoet, Sim"]
[Result "1-0"]
[ECO "A38"]
[WhiteElo "2328"]
[BlackElo "2251"]
[Annotator "NA"]
[PlyCount "75"]
[EventDate "2019.03.02"]
[EventCountry "BEL"]
[SourceTitle "playchess.com"]
[Source "ChessBase"]
[SourceQuality "1"]
[TimeControl "40/5400+30:900+30"]

1. Nf3 c5 2. c4 Nc6 3. Nc3 g6 4. d3 Bg7 5. g3 Nf6 6. Bg2 O-O 7. O-O e6 8. e4 d5 9. Bg5 d4 10. Na4 Qd6 11. Qd2 e5 12. a3 Nd7 13. Bh6 a6 14. Bxg7 Kxg7 15. Bh3 f5 16. b4 cxb4 17. exf5 b5 18. Ng5 gxf5 19. c5 Qf6 20. Nb6 Nxb6 21. cxb6 bxa3 22. f4 h6 23. Nf3 e4 24. Ne5 e3 25. Qg2 Bb7 26. Rfc1 Rfc8 27. Nd7 Qf7 28. Nc5 Na5 29. Nxb7 Qxb7 30. Qa2 Qxb6 31. Bxf5 Rf8 32. Qd5 Rad8 33. Qe5+ Qf6 34. Rc7+ Kg8 35. Be6+ Kh8 36. Qe4 Qg7 37. Rxg7 Kxg7 38. Qe5+ 1-0

[Event "WWRR IM 2019"]
[Site "Wachtebeke"]
[Date "2019.03.03"]
[Round "1.2"]
[White "Huynh, Laurent"]
[Black "Van der Lende, Ilias"]
[Result "0-1"]
[ECO "C08"]
[WhiteElo "2138"]
[BlackElo "2343"]
[Annotator "NA"]
[PlyCount "74"]
[EventDate "2019.03.02"]
[EventCountry "BEL"]
[SourceTitle "playchess.com"]
[Source "ChessBase"]
[SourceQuality "1"]
[TimeControl "40/5400+30:900+30"]

1. e4 e6 2. d4 d5 3. Nd2 c5 4. exd5 exd5 5. Ngf3 Nf6 6. Bb5+ Bd7 7. Bxd7+ Nbxd7 8. O-O Be7 9. Re1 O-O 10. c3 Re8 11. dxc5 Nxc5 12. Nb3 Nce4 13. h3 Bd6 14. Be3 Qd7 15. Nbd4 Rac8 16. Qd3 a6 17. Rad1 b5 18. a3 Bb8 19. Qf1 Nd6 20. Bc1 Nfe4 21. Nd2 Nc4 22. Nxc4 dxc4 23. Nf3 Qc7 24. Be3 Re6 25. Rd5 Rce8 26. Red1 h6 27. Rd7 Qc8 28. R7d5 Ng3 29. fxg3 Rxe3 30. Qf2 Qc7 31. Rd7 Qxg3 32. Rd8 Bf4 33. Rxe8+ Rxe8 34. Qxg3 Bxg3 35. Kf1 Re6 36. Rd8+ Kh7 37. Rd1 g5 0-1

[Event "WWRR IM 2019"]
[Site "Wachtebeke"]
[Date "2019.03.03"]
[Round "1.3"]
[White "Vuelban, Virgilio"]
[Black "Dardha, Daniel"]
[Result "0-1"]
[ECO "A78"]
[WhiteElo "2272"]
[BlackElo "2369"]
[Annotator "NA"]
[PlyCount "178"]
[EventDate "2019.03.02"]
[EventCountry "BEL"]
[SourceTitle "playchess.com"]
[Source "ChessBase"]
[SourceQuality "1"]
[TimeControl "40/5400+30:900+30"]

1. d4 Nf6 2. c4 c5 3. d5 e6 4. Nc3 exd5 5. cxd5 d6 6. Nf3 g6 7. e4 Bg7 8. Be2 O-O 9. Nd2 Na6 10. O-O Nc7 11. Re1 Re8 12. a4 Rb8 13. h3 a6 14. a5 Bd7 15. Qb3 Nb5 16. Nxb5 axb5 17. Bxb5 Bxb5 18. Qxb5 Nxd5 19. Rd1 Nb4 20. Qc4 Qe7 21. Kf1 Ra8 22. Ra3 Qh4 23. Rf3 Re7 24. Nb3 Qxe4 25. Qxe4 Rxe4 26. Rxd6 Nc2 27. Bd2 c4 28. Nc5 Re7 29. Na4 b5 30. axb6 Rxa4 31. Rd8+ Bf8 32. g4 Ra1+ 33. Kg2 h5 34. Rc3 Ne1+ 35. Bxe1 Raxe1 36. Rxc4 R1e6 37. Rc7 Re8 38. Rxe8 Rxe8 39. b7 Rb8 40. gxh5 Kg7 41. hxg6 Bd6 42. Rd7 Be5 43. gxf7 Kf6 44. b3 Ke6 45. Rd3 Kxf7 46. f4 Bf6 47. Rd7+ Ke6 48. Rh7 Be7 49. Rh6+ Kd7 50. f5 Rxb7 51. Kf3 Rb4 52. Re6 Rxb3+ 53. Re3 Rb1 54. Kg4 Rb4+ 55. Kh5 Rb6 56. Re4 Rb3 57. Kg4 Rb1 58. Re3 Bf6 59. Re6 Rg1+ 60. Kf4 Rf1+ 61. Kg4 Be7 62. Re3 Ke8 63. Rf3 Rg1+ 64. Rg3 Rb1 65. Re3 Rb4+ 66. Kf3 Kf7 67. Re4 Rb1 68. Re6 Rf1+ 69. Kg4 Bd8 70. Ra6 Rb1 71. Rd6 Rb4+ 72. Kf3 Bg5 73. Rd5 Kf6 74. Ra5 Bf4 75. Ra8 Bb8 76. Ra5 Be5 77. Ra8 Kxf5 78. Rf8+ Bf6 79. Re8 Bg7 80. Re3 Rh4 81. Kg2 Be5 82. Rf3+ Ke4 83. Rf7 Rh6 84. Rf2 Rg6+ 85. Kf1 Bd4 86. Rg2 Rb6 87. Rg4+ Kf3 88. Ke1 Be3 89. Kd1 Rc6 0-1

[Event "WWRR IM 2019"]
[Site "Wachtebeke"]
[Date "2019.03.03"]
[Round "1.4"]
[White "Blom, Vincent"]
[Black "Hautot, Stephane"]
[Result "0-1"]
[ECO "A36"]
[WhiteElo "2265"]
[BlackElo "2347"]
[Annotator "NA"]
[PlyCount "40"]
[EventDate "2019.03.02"]
[EventCountry "BEL"]
[SourceTitle "playchess.com"]
[Source "ChessBase"]
[SourceQuality "1"]
[TimeControl "40/5400+30:900+30"]

1. c4 c5 2. Nc3 Nc6 3. g3 g6 4. Bg2 Bg7 5. e3 a6 6. Nge2 e5 7. O-O Nge7 8. d4 cxd4 9. exd4 exd4 10. Nd5 h6 11. Re1 O-O 12. Nxd4 Nxd5 13. Nxc6 dxc6 14. cxd5 cxd5 15. Bxd5 Qa5 16. b4 Qxb4 17. Be3 Bf5 18. Rc1 Rac8 19. Qf3 b5 20. Rxc8 Qxe1+ 0-1

[Event "WWRR IM 2019"]
[Site "Wachtebeke"]
[Date "2019.03.03"]
[Round "2.1"]
[White "Maerevoet, Sim"]
[Black "Beukema, Jasper"]
[Result "1/2-1/2"]
[ECO "D36"]
[WhiteElo "2251"]
[BlackElo "2282"]
[Annotator "NA"]
[PlyCount "96"]
[EventDate "2019.03.02"]
[EventCountry "BEL"]
[SourceTitle "playchess.com"]
[Source "ChessBase"]
[SourceQuality "1"]
[TimeControl "40/5400+30:900+30"]

1. d4 d5 2. c4 e6 3. Nc3 Be7 4. Qc2 Nf6 5. cxd5 exd5 6. Bg5 c6 7. e3 Nh5 8. Bxe7 Qxe7 9. Nxd5 Qd6 10. Nc3 O-O 11. Be2 Nf6 12. Nf3 Nbd7 13. O-O Nd5 14. Nxd5 cxd5 15. Rac1 Nb6 16. Ne5 f6 17. Nd3 Bf5 18. Qc7 Qxc7 19. Rxc7 Rf7 20. Rfc1 Rxc7 21. Rxc7 Bxd3 22. Bxd3 Rc8 23. Rxc8+ Nxc8 24. Bc2 Kf7 25. Kf1 Nd6 26. g4 g6 27. Ke2 Ke6 28. f3 f5 29. gxf5+ gxf5 30. Bb3 b5 31. a4 bxa4 32. Bxa4 f4 33. exf4 Nf5 34. Kd3 Nh4 35. Ke3 Ng2+ 36. Kf2 Nxf4 37. Bc2 h6 38. b3 Kf6 39. Bd1 Kg5 40. Bc2 Kf6 41. Bh7 a5 42. Ke3 Ng2+ 43. Kd2 Nf4 44. Bd3 Nxd3 45. Kxd3 Kf5 46. Ke3 h5 47. Ke2 Kg5 48. Ke3 Kf5 1/2-1/2

[Event "WWRR IM 2019"]
[Site "Wachtebeke"]
[Date "2019.03.03"]
[Round "2.2"]
[White "Hautot, Stephane"]
[Black "De Rover, Yong Hoon"]
[Result "1/2-1/2"]
[ECO "E69"]
[WhiteElo "2347"]
[BlackElo "2422"]
[Annotator "NA"]
[PlyCount "80"]
[EventDate "2019.03.02"]
[EventCountry "BEL"]
[SourceTitle "playchess.com"]
[Source "ChessBase"]
[SourceQuality "1"]
[TimeControl "40/5400+30:900+30"]

1. d4 Nf6 2. Nf3 g6 3. g3 Bg7 4. Bg2 O-O 5. O-O d6 6. c4 Nbd7 7. Nc3 e5 8. e4 c6 9. h3 Qb6 10. Re1 exd4 11. Nxd4 Re8 12. Nc2 Qc7 13. Be3 Nc5 14. Bf4 Rd8 15. b4 Ne6 16. Bd2 Nd7 17. f4 Nb6 18. Ne3 Nd4 19. Rc1 Qe7 20. Kh2 Be6 21. Ne2 Nxe2 22. Qxe2 Re8 23. Qf3 f6 24. Nf5 Bxf5 25. exf5 Qf7 26. fxg6 hxg6 27. Qd3 Red8 28. f5 gxf5 29. Rf1 d5 30. cxd5 Nxd5 31. Qxf5 Ne7 32. Qc2 Rd7 33. Rf2 Rad8 34. Rcf1 Qg6 35. Qxg6 Nxg6 36. Bc3 Ne5 37. Bxe5 fxe5 38. Re2 Rd4 39. Rb1 Rd2 40. Rb2 Rxe2 1/2-1/2

[Event "WWRR IM 2019"]
[Site "Wachtebeke"]
[Date "2019.03.03"]
[Round "2.3"]
[White "Dardha, Daniel"]
[Black "Blom, Vincent"]
[Result "1/2-1/2"]
[ECO "B38"]
[WhiteElo "2369"]
[BlackElo "2265"]
[Annotator "NA"]
[PlyCount "98"]
[EventDate "2019.03.02"]
[EventCountry "BEL"]
[SourceTitle "playchess.com"]
[Source "ChessBase"]
[SourceQuality "1"]
[TimeControl "40/5400+30:900+30"]

1. Nf3 Nf6 2. c4 c5 3. Nc3 g6 4. d4 cxd4 5. Nxd4 Bg7 6. e4 d6 7. Be2 Nc6 8. Be3 Bd7 9. O-O O-O 10. Qd2 Re8 11. f3 a6 12. Rac1 Rc8 13. Rfd1 Qa5 14. Nb3 Qd8 15. Nd5 Nxd5 16. cxd5 Ne5 17. Na5 Rxc1 18. Rxc1 b6 19. Nc6 Qa8 20. Nxe5 Bxe5 21. Bxb6 Qb7 22. Bd4 Bxd4+ 23. Qxd4 Rb8 24. Rc2 f6 25. h3 g5 26. Kh2 Kf7 27. Bd3 Rc8 28. Rxc8 Bxc8 29. b4 Bd7 30. a3 Bb5 31. Kg1 Qc7 32. Bxb5 axb5 33. Qe3 Qc2 34. Kh2 Kg6 35. f4 gxf4 36. Qxf4 Kf7 37. h4 Qd3 38. Qf3 Qd2 39. Kh3 Qc1 40. Kg3 Kf8 41. Qd3 h5 42. Kf3 Kf7 43. g3 Qh1+ 44. Kf4 Qc1+ 45. Qe3 Qf1+ 46. Qf3 Qc1+ 47. Qe3 Qf1+ 48. Qf3 Qc1+ 49. Kf5 Qc8+ 1/2-1/2

[Event "WWRR IM 2019"]
[Site "Wachtebeke"]
[Date "2019.03.03"]
[Round "2.4"]
[White "Van der Lende, Ilias"]
[Black "Vuelban, Virgilio"]
[Result "1/2-1/2"]
[ECO "B22"]
[WhiteElo "2343"]
[BlackElo "2272"]
[Annotator "NA"]
[PlyCount "119"]
[EventDate "2019.03.02"]
[EventCountry "BEL"]
[SourceTitle "playchess.com"]
[Source "ChessBase"]
[SourceQuality "1"]
[TimeControl "40/5400+30:900+30"]

1. e4 c5 2. c3 Nf6 3. e5 Nd5 4. d4 cxd4 5. Nf3 e6 6. cxd4 d6 7. Bc4 Nc6 8. O-O Be7 9. exd6 Qxd6 10. Nc3 O-O 11. Re1 Rd8 12. Bb3 Nxc3 13. bxc3 b6 14. Ng5 Na5 15. Qf3 Bxg5 16. Bxg5 Bb7 17. Qg4 h5 18. Qh3 Nxb3 19. axb3 f6 20. Be3 g6 21. c4 Kf7 22. Bf4 Qc6 23. Rad1 Rd7 24. Bc1 a5 25. Ba3 Re8 26. d5 exd5 27. Rxe8 Kxe8 28. Qe3+ Kf7 29. Re1 Kg7 30. Qe8 Rf7 31. Bf8+ Kg8 32. Bc5+ Qxe8 33. Rxe8+ Kg7 34. Bxb6 a4 35. bxa4 dxc4 36. Re3 Rd7 37. h3 Kf7 38. Bc5 f5 39. Kh2 f4 40. Rc3 Ba6 41. h4 Ke6 42. a5 Rd3 43. Rxd3 cxd3 44. Bb4 Kd5 45. f3 Ke5 46. Bd2 Kf5 47. Kg1 Bb5 48. Kf2 Ba6 49. Ke1 Bb5 50. Kd1 g5 51. hxg5 Kxg5 52. Kc1 h4 53. Be1 d2+ 54. Kxd2 Bf1 55. Bf2 Bxg2 56. Ke2 Bh3 57. a6 Bc8 58. a7 Bb7 59. Bg1 h3 60. Bh2 1/2-1/2

[Event "WWRR IM 2019"]
[Site "Wachtebeke"]
[Date "2019.03.03"]
[Round "2.5"]
[White "De Ruiter, Danny"]
[Black "Huynh, Laurent"]
[Result "1/2-1/2"]
[ECO "E17"]
[WhiteElo "2328"]
[BlackElo "2138"]
[Annotator "NA"]
[PlyCount "55"]
[EventDate "2019.03.02"]
[EventCountry "BEL"]
[SourceTitle "playchess.com"]
[Source "ChessBase"]
[SourceQuality "1"]
[TimeControl "40/5400+30:900+30"]

1. Nf3 Nf6 2. c4 e6 3. g3 Be7 4. Bg2 O-O 5. O-O d5 6. b3 b6 7. Bb2 Bb7 8. d4 Nbd7 9. Nc3 c5 10. cxd5 Nxd5 11. Nxd5 Bxd5 12. Qd2 Bf6 13. Rac1 Rc8 14. Rfd1 Qe7 15. Ba3 Rfd8 16. dxc5 Nxc5 17. Qe3 Qf8 18. Bxc5 Rxc5 19. Rxc5 Qxc5 20. Qxc5 bxc5 21. Rc1 Bxf3 22. Bxf3 Rc8 23. Rc4 a5 24. e3 Kf8 25. Kf1 Ke7 26. Ke2 Bb2 27. Ra4 Bc3 28. Rc4 1/2-1/2

[Event "WWRR IM 2019"]
[Site "Wachtebeke"]
[Date "2019.03.04"]
[Round "4.1"]
[White "Maerevoet, Sim"]
[Black "Hautot, Stephane"]
[Result "1-0"]
[ECO "B15"]
[WhiteElo "2251"]
[BlackElo "2347"]
[Annotator "NA RC"]
[PlyCount "65"]
[EventDate "2019.03.02"]
[EventCountry "BEL"]
[SourceTitle "playchess.com"]
[Source "ChessBase"]
[SourceQuality "1"]
[TimeControl "40/5400+30:900+30"]

1. e4 g6 2. d4 Bg7 3. Nc3 c6 4. Nf3 d5 5. h3 {[%emt 0:00:16] LiveBook: 2346 Games} Nh6 6. Be2 O-O 7. O-O f6 8. Re1 Nf7 9. Bf1 Re8 {[%emt 0:01:14] B15: Caro-Kann: 3 Nc3: 3...g6 and 3...dxe4 4 Nxe4 Nf6 5 Nxf6+ exf6} (9... b6 10. b3 e6 11. a4 Ba6 12. Ba3 Re8 13. Bd3 Bxd3 14. Qxd3 a5 15. Rad1 Na6 16. h4 Nb4 17. Qd2 {1-0 (69) Sanal,V (2490)-Laznicka,V (2675) Skopje 2018}) 10. Be3 e6 11. a4 $146 ({Predecessor:} 11. Qd2 Nd7 12. Rad1 b5 13. Bd3 Bb7 14. exd5 exd5 15. Bf4 Nf8 16. Rxe8 Qxe8 17. Re1 {0-1 (72) Fuentes,M (2196)-Terry Lujan,R (2447) Lima 2016}) 11... Nd7 12. a5 b5 13. axb6 Nxb6 14. Nd2 Nd6 15. g3 e5 16. dxe5 fxe5 17. Bxb6 Qxb6 18. exd5 Rf8 19. Nde4 Nxe4 20. Nxe4 Bf5 21. Ra6 Qxb2 22. dxc6 Rad8 $2 (22... Kh8 23. Bg2 Rad8) 23. Nd6 Rxd6 24. Qxd6 Qxc2 25. Qd1 Qc5 26. Qc1 Qe7 27. Qa3 Qf6 28. Qc5 Bc8 29. Rxa7 Kh8 30. Bg2 $18 e4 31. Rxe4 Qb2 32. Ree7 Qb1+ 33. Kh2 1-0

[Event "WWRR IM 2019"]
[Site "Wachtebeke"]
[Date "2019.03.04"]
[Round "4.4"]
[White "De Ruiter, Danny"]
[Black "Blom, Vincent"]
[Result "1-0"]
[ECO "E18"]
[WhiteElo "2328"]
[BlackElo "2265"]
[Annotator "NA RC"]
[PlyCount "153"]
[EventDate "2019.03.02"]
[EventCountry "BEL"]
[SourceTitle "playchess.com"]
[Source "ChessBase"]
[SourceQuality "1"]
[TimeControl "40/5400+30:900+30"]

1. d4 Nf6 2. c4 e6 3. Nf3 b6 4. g3 Bb7 5. Bg2 Be7 6. O-O O-O 7. Nc3 Ne4 8. Bd2 f5 9. Qc2 Bf6 10. Rad1 Nxc3 11. Bxc3 d6 {[%emt 0:08:13] E18: Queen's Indian: Old Main Line (4 g3 Bb7 5 Bg2 Be7 6 0-0 0-0 7 Nc3)} (11... Be4 12. Qd2 d6 13. Ne1 Bxg2 14. Nxg2 Nd7 15. Qc2 Qe8 16. e4 fxe4 17. Qxe4 e5 18. Qd5+ Qf7 19. Ne3 Rae8 20. Qxf7+ Rxf7 21. Kg2 exd4 22. Bxd4 {1-0 (56) Alekseev,E (2715)-Adams,M (2734) Motril 2008}) 12. Ne1 Bxg2 13. Nxg2 Qd7 14. Ne3 $146 ({Predecessor:} 14. e4 fxe4 15. Qxe4 d5 16. Qe2 Nc6 17. Nf4 Rae8 18. Qg4 {1-0 (77) Kononenko,T (2388)-Matnadze,A (2415) Antalya 2002}) 14... g6 15. d5 e5 16. f4 exf4 17. Bxf6 Rxf6 18. Rxf4 Qe7 19. Qc3 Nd7 20. Nc2 a5 21. Rdf1 Rff8 22. Nd4 Nc5 23. g4 fxg4 24. Nc6 Qg7 25. Rxf8+ Rxf8 26. Rxf8+ Kxf8 27. Qe3 Qf6 28. b3 h5 29. a3 Kg7 30. b4 axb4 31. axb4 Nd7 32. Nd4 (32. Qe8 $1 $15 Nf8 33. Kg2) 32... Ne5 33. Ne6+ Kh7 34. c5 bxc5 35. bxc5 Qh4 36. cxd6 Qe1+ 37. Kg2 Nf3 38. Nf8+ Kg7 39. Qe7+ {[%emt 0:01:16] Double Attack} Kg8 40. exf3 gxf3+ 41. Kxf3 Qf1+ 42. Ke3 cxd6 43. Ne6 Qc1+ 44. Kd3 Qa3+ 45. Ke4 Qb4+ 46. Ke3 Qc3+ 47. Kf4 Qd2+ 48. Kg3 h4+ 49. Qxh4 Qe1+ 50. Kg4 Qd1+ 51. Kg5 Qxd5+ $18 52. Kf6 Qe5+ 53. Ke7 Qb2 54. Qe4 Kh8 55. Qxg6 Qb7+ 56. Kf8 Qc8+ 57. Kf7 Qb7+ 58. Kf6 Qb2+ 59. Kg5 Qg2+ 60. Kf6 Qb2+ 61. Ke7 Qb7+ 62. Kf8 Qc8+ 63. Qe8 Qxe8+ 64. Kxe8 Kh7 65. Kf7 Kh6 66. Kf6 Kh5 67. Kf5 Kh4 68. Nf4 d5 69. Ke5 Kg4 70. h3+ Kg3 71. Kf5 d4 72. Kg5 d3 73. h4 d2 74. Ne2+ Kf3 75. Nc3 Ke3 76. h5 Kd3 77. Nd1 1-0

[Event "WWRR IM 2019"]
[Site "Wachtebeke"]
[Date "2019.03.05"]
[Round "6.1"]
[White "Maerevoet, Sim"]
[Black "Dardha, Daniel"]
[Result "1/2-1/2"]
[ECO "E32"]
[WhiteElo "2251"]
[BlackElo "2369"]
[Annotator "NA"]
[PlyCount "33"]
[EventDate "2019.03.02"]
[EventCountry "BEL"]
[SourceTitle "playchess.com"]
[Source "ChessBase"]
[SourceQuality "1"]
[TimeControl "40/5400+30:900+30"]

1. d4 Nf6 2. c4 e6 3. Nc3 Bb4 4. Qc2 c5 5. dxc5 O-O 6. Nf3 Bxc5 7. Bg5 h6 8. Bh4 Be7 9. Rd1 d6 10. e4 Nbd7 11. Be2 a6 12. O-O Qc7 13. Nd4 b6 14. f4 Bb7 15. Bf2 Rfe8 16. Kh1 Bf8 17. Bg3 1/2-1/2

[Event "WWRR IM 2019"]
[Site "Wachtebeke"]
[Date "2019.03.05"]
[Round "6.2"]
[White "Van der Lende, Ilias"]
[Black "Hautot, Stephane"]
[Result "1-0"]
[ECO "B07"]
[WhiteElo "2343"]
[BlackElo "2347"]
[Annotator "NA"]
[PlyCount "81"]
[EventDate "2019.03.02"]
[EventCountry "BEL"]
[SourceTitle "playchess.com"]
[Source "ChessBase"]
[SourceQuality "1"]
[TimeControl "40/5400+30:900+30"]

1. e4 d6 2. d4 Nf6 3. Nc3 Nbd7 4. f4 e5 5. Nf3 exd4 6. Qxd4 c6 7. Be3 d5 8. O-O-O {[%emt 0:05:59] B07: Pirc Defence: Miscellaneous Systems} Bc5 9. Qd2 Bxe3 (9... O-O 10. e5 Bxe3 11. Qxe3 Ng4 12. Qe1 Qb6 13. Nd4 Nc5 14. h3 Nh6 15. g4 Ne6 {0-1 (44) Neiksans,A (2631)-Bortnyk,O (2581) Tallinn 2016}) 10. Qxe3 Qb6 11. Nd4 dxe4 $146 ({Predecessor:} 11... O-O 12. e5 c5 13. exf6 cxd4 14. Qxd4 Qxd4 15. Rxd4 Nxf6 16. Nxd5 Nxd5 17. Rxd5 {1-0 (28) Meulemans,B (2088)-Nolf,F (1154) LSS email 2010}) 12. Nxe4 O-O 13. Nd6 Qc5 (13... Nd5 $5 14. Qg3 N7f6 $11) 14. Nxc8 Rfxc8 15. Qh3 Nf8 16. Qf5 Qb4 17. a3 Qa4 18. Nb3 Rd8 19. Rxd8 (19. Be2 $1 $11) 19... Rxd8 20. g3 c5 21. Bg2 $1 c4 22. Qa5 Qd7 23. Nc5 Qd4 24. Bxb7 Ng4 25. Kb1 Nf2 {[%emt 0:01:27] [#]} 26. Re1 $1 Nd1 27. Na4 Rd6 $2 (27... Qf2) 28. Qe5 Qd2 29. Re2 Qd4 30. Qxd4 Rxd4 31. Kc1 c3 32. b3 g5 33. fxg5 Ne6 34. h4 Rd8 35. Re1 Nd4 36. Ba6 Nf2 37. Nxc3 Rd6 38. Bc4 Nc6 $18 39. Rf1 Ng4 40. Rxf7 Nce5 41. Rf4+ 1-0

[Event "WWRR IM 2019"]
[Site "Wachtebeke"]
[Date "2019.03.05"]
[Round "6.3"]
[White "De Ruiter, Danny"]
[Black "Beukema, Jasper"]
[Result "0-1"]
[ECO "E05"]
[WhiteElo "2328"]
[BlackElo "2282"]
[Annotator "NA"]
[PlyCount "120"]
[EventDate "2019.03.02"]
[EventCountry "BEL"]
[SourceTitle "playchess.com"]
[Source "ChessBase"]
[SourceQuality "1"]
[TimeControl "40/5400+30:900+30"]

1. Nf3 d5 2. d4 Nf6 3. c4 e6 4. g3 Be7 5. Bg2 O-O 6. O-O dxc4 7. Qc2 a6 8. Qxc4 b5 9. Qc2 Bb7 10. Bd2 Nbd7 11. Ba5 Rc8 12. Rc1 {[%emt 0:02:05] E05: Open Catalan: 5 Nf3 Be7} (12. Nbd2 Nb8 13. a3 Nc6 14. Bc3 b4 15. axb4 Nxb4 16. Qa4 Nbd5 17. Ba5 Qd7 18. Ne5 Qxa4 19. Rxa4 c5 {½-½ (37) Gelfand,B (2723)-Leko,P (2740) Wijk aan Zee 2006}) 12... Nb6 13. Nbd2 c5 14. Qd1 $146 ({Predecessor:} 14. dxc5 Bxc5 15. Qd1 Qd6 16. Nb3 Qxd1+ 17. Rxd1 Na4 18. Nxc5 Nxc5 19. Rac1 Rfe8 {½-½ (43) Vignesh,N (2354)-Kiran,M (2259) Pune 2014}) 14... cxd4 15. Rxc8 Bxc8 16. Ne5 Qd6 17. Nc6 Nbd5 18. Nxe7+ Nxe7 19. Nb3 e5 20. e3 Nc6 21. Bb6 Nd7 22. Rc1 Nxb6 23. Rxc6 Qd8 24. exd4 Nc4 25. d5 Bb7 26. Rc5 Nxb2 27. Qd2 Nc4 28. Qb4 Nb6 29. Na5 Bxd5 30. Bxd5 Nxd5 31. Qd2 Nf6 32. Qxd8 Rxd8 33. Nc6 {[%emt 0:00:26] [#]} (33. Rc6 $17) 33... Rd1+ $1 34. Kg2 Nd7 35. Rc2 g6 36. Nb4 Rd6 37. Rc7 Kg7 38. Nxa6 Rxa6 39. Rxd7 Rxa2 40. Rd5 e4 41. Rxb5 e3 $1 42. Re5 Rxf2+ ({But not} 42... exf2 43. h3 $17) 43. Kg1 Re2 44. Kf1 $2 (44. h3 {was forced.}) 44... Rxh2 45. Rxe3 Kf6 46. Re4 Kg5 47. Kg1 Ra2 48. Rh4 h6 49. Rf4 f5 50. Rb4 Re2 51. Ra4 Re4 52. Ra6 h5 53. Kg2 h4 54. gxh4+ Rxh4 55. Kg3 Rb4 56. Ra3 Rg4+ $19 57. Kh3 Rh4+ 58. Kg2 f4 59. Ra6 Kf5 60. Rb6 g5 0-1

[Event "WWRR IM 2019"]
[Site "Wachtebeke"]
[Date "2019.03.05"]
[Round "6.4"]
[White "Huynh, Laurent"]
[Black "De Rover, Yong Hoon"]
[Result "0-1"]
[ECO "B90"]
[WhiteElo "2138"]
[BlackElo "2422"]
[Annotator "ChessBase"]
[PlyCount "72"]
[EventDate "2019.03.02"]
[EventCountry "BEL"]
[SourceTitle "playchess.com"]
[Source "ChessBase"]
[SourceQuality "1"]
[TimeControl "40/5400+30:900+30"]

1. e4 c5 2. Nf3 d6 3. d4 cxd4 4. Nxd4 Nf6 5. Nc3 a6 6. h3 e5 7. Nde2 h5 8. Bg5 Be6 9. Bxf6 Qxf6 10. Nd5 Qd8 11. Nec3 Nd7 12. Bc4 Rc8 13. Bb3 Nc5 14. O-O g5 15. f3 Bg7 16. g4 b5 17. Kg2 Kf8 18. Ne3 b4 19. Ncd5 a5 20. a3 bxa3 21. Rxa3 Bd7 22. Qe2 a4 23. Bc4 Ne6 24. Qd3 Nf4+ 25. Nxf4 gxf4 26. Nf5 Bxf5 27. gxf5 Qh4 28. Rf2 Bf6 29. Kf1 Rg8 30. Rxa4 Qxh3+ 31. Ke2 Rg2 32. Qxd6+ Kg7 33. Qb6 Bh4 34. Rxg2+ Qxg2+ 35. Kd1 Rxc4 36. Rxc4 Qf1+ 0-1

[Event "WWRR IM 2019"]
[Site "Wachtebeke"]
[Date "2019.03.05"]
[Round "6.5"]
[White "Vuelban, Virgilio"]
[Black "Blom, Vincent"]
[Result "1/2-1/2"]
[ECO "B12"]
[WhiteElo "2272"]
[BlackElo "2265"]
[Annotator "ChessBase"]
[PlyCount "97"]
[EventDate "2019.03.02"]
[EventCountry "BEL"]
[SourceTitle "playchess.com"]
[Source "ChessBase"]
[SourceQuality "1"]
[TimeControl "40/5400+30:900+30"]

1. e4 c6 2. d4 d5 3. e5 Bf5 4. h4 h5 5. c4 dxc4 6. Bxc4 e6 7. Nc3 Nd7 8. Nge2 Nb6 9. Bb3 Ne7 10. Bg5 Qd7 11. Qd2 Ned5 12. O-O Be7 13. Ng3 Bg6 14. Nce4 Bxe4 15. Nxe4 f6 16. Nc5 Bxc5 17. dxc5 fxg5 18. cxb6 gxh4 19. bxa7 O-O 20. Qg5 Rf5 21. Qxh4 Qf7 22. Bxd5 cxd5 23. Qd4 b5 24. Qb6 Rxa7 25. Rac1 Kh7 26. Qxb5 Rxa2 27. Rc8 Ra7 28. Qb8 Rb7 29. Rh8+ Kg6 30. Qd6 Rxb2 31. Qa3 Qb7 32. Qg3+ Kf7 33. Qa3 Rb4 34. Ra8 Kg6 35. Ra7 Qb8 36. Re7 Qb6 37. Qa8 Kh7 38. Re8 Rxf2 39. Rh8+ Kg6 40. Qe8+ Rf7+ 41. Kh2 Rh4+ 42. Kg3 Qe3+ 43. Kxh4 Qe4+ 44. Kh3 Qg4+ 45. Kh2 Qh4+ 46. Kg1 Qd4+ 47. Kh1 Qh4+ 48. Kg1 Qd4+ 49. Kh1 1/2-1/2

[Event "WWRR IM 2019"]
[Site "Wachtebeke"]
[Date "2019.03.07"]
[Round "9.2"]
[White "Beukema, Jasper"]
[Black "Blom, Vincent"]
[Result "0-1"]
[ECO "B13"]
[WhiteElo "2282"]
[BlackElo "2265"]
[Annotator "ChessBase"]
[PlyCount "68"]
[EventDate "2019.03.02"]
[EventCountry "BEL"]
[SourceTitle "playchess.com"]
[Source "ChessBase"]
[SourceQuality "1"]
[TimeControl "40/5400+30:900+30"]

1. e4 c6 2. d4 d5 3. exd5 cxd5 4. Bf4 Nf6 5. c3 Nc6 6. Bd3 Bg4 7. Qb3 Qd7 8. Nd2 e6 9. Ngf3 Bxf3 10. Nxf3 Bd6 11. Bxd6 Qxd6 12. Qxb7 Rb8 13. Qa6 O-O 14. Rb1 Rb6 15. Qa4 Rfb8 16. Qc2 e5 17. dxe5 Nxe5 18. Nxe5 Qxe5+ 19. Kf1 Ne4 20. f3 Qf4 21. Bxe4 dxe4 22. Kf2 e3+ 23. Ke2 Qc4+ 24. Kxe3 Re6+ 25. Kf2 Rbe8 26. Qf5 Qe2+ 27. Kg1 Qe3+ 28. Kf1 Qe2+ 29. Kg1 Rg6 30. Qh3 Qe3+ 31. Kf1 Qd3+ 32. Kf2 Re2+ 33. Kf1 Rxb2+ 34. Kg1 Qxb1# 0-1

[Event "WWRR IM 2019"]
[Site "Wachtebeke"]
[Date "2019.03.07"]
[Round "9.3"]
[White "Hautot, Stephane"]
[Black "Vuelban, Virgilio"]
[Result "1/2-1/2"]
[ECO "E06"]
[WhiteElo "2347"]
[BlackElo "2272"]
[Annotator "NA"]
[PlyCount "22"]
[EventDate "2019.03.02"]
[EventCountry "BEL"]
[SourceTitle "playchess.com"]
[Source "ChessBase"]
[SourceQuality "1"]
[TimeControl "40/5400+30:900+30"]

1. d4 d5 2. Nf3 Nf6 3. g3 e6 4. Bg2 Be7 5. O-O O-O 6. c4 dxc4 7. Ne5 c5 8. dxc5 Bxc5 9. Qxd8 Rxd8 10. Nc3 Nc6 11. Nxc4 Bd7 1/2-1/2

[Event "WWRR IM 2019"]
[Site "Wachtebeke"]
[Date "2019.03.07"]
[Round "9.4"]
[White "Dardha, Daniel"]
[Black "Huynh, Laurent"]
[Result "1-0"]
[ECO "E20"]
[WhiteElo "2369"]
[BlackElo "2138"]
[Annotator "NA"]
[PlyCount "71"]
[EventDate "2019.03.02"]
[EventCountry "BEL"]
[SourceTitle "playchess.com"]
[Source "ChessBase"]
[SourceQuality "1"]
[TimeControl "40/5400+30:900+30"]

1. d4 Nf6 2. c4 e6 3. g3 d5 4. Nf3 Bb4+ 5. Nc3 O-O 6. Bg2 Nbd7 7. O-O {[%emt 0:00:09] E20: Nimzo-Indian: 4 g3 and 4 f3} (7. Qb3 c5 8. O-O cxd4 9. Qxb4 a5 10. Qa3 dxc3 11. Qxc3 b6 12. cxd5 Nxd5 13. Qd2 Nc5 14. b3 Ba6 {½-½ (78) Fridman,D (2633)-Yu,Y (2764) St Petersburg 2018}) 7... c6 8. Qc2 b6 9. a3 Bxc3 10. Qxc3 Ne4 11. Qc2 Ba6 12. b3 Rc8 13. Ne5 $146 ({Predecessor:} 13. Rd1) 13... Nxe5 14. dxe5 Nc5 15. Rd1 f5 16. exf6 Qxf6 17. Be3 Nxb3 18. Qxb3 Bxc4 19. Qc2 c5 20. f4 b5 21. Bf2 Rfd8 22. Rab1 Rd7 23. Qb2 a5 24. Qxf6 gxf6 25. Rbc1 a4 26. f5 d4 27. fxe6 Bxe6 28. Bf1 Re7 (28... Rcc7 {was necessary.}) 29. e3 Bb3 (29... dxe3 $142 30. Bxe3 Bb3) 30. Re1 d3 31. Bxd3 c4 32. Bf1 Rd8 33. Re2 Rd3 34. Be1 Kf7 35. Bc3 $18 Re6 36. Bd4 1-0